 Dungeon Crawl Stone Soup version 0.18-a0-337-g1235303 (webtiles) character file.

28708 4thArraOfDagon the Bludgeoner (level 13, -3/144 HPs)
             Began as an Ogre Hunter on Nov 28, 2015.
             Was a High Priest of Cheibriados.
             Slain by Saint Roka
             ... wielding a +4 war axe of freezing
              (7 damage)
             ... on level 4 of the Orcish Mines.
             The game lasted 00:44:02 (5512 turns).

4thArraOfDagon the Bludgeoner (Ogre Hunter)         Turns: 5512, Time: 00:44:02

Health: -3/144     AC:  7    Str: 37    XL:     13   Next: 40%
Magic:  20/20      EV: 19    Int: 26    God:    Cheibriados [*****.]
Gold:   1045       SH:  0    Dex: 26    Spells: 0 memorised, 12 levels left

rFire  . . .     SeeInvis +     Q - +4 giant spiked club (freeze)
rCold  . . .     Clarity  +     w - +2 robe {MR+}
rNeg   . . .     SustAt   +     (shield currently unavailable)
rPois  .         Gourm    .     N - +1 hat {SInv}
rElec  .         Spirit   .     I - +0 cloak
rCorr  .         Warding  .     (gloves unavailable)
rMut   .         Stasis   .     (boots unavailable)
MR     ++...                    r - amulet of regeneration
Stlth  ++........               x - ring of sustain attributes
                                n - +4 ring of dexterity

@: mighty, very slightly contaminated, invisible, very slow, very resistant to
hostile enchantments, unstealthy
A: unfitting armour, antennae 1, clarity, spit poison 1, tough skin 1
a: Spit Poison, Bend Time, Temporal Distortion, Slouch, Step From Time, Renounce
Religion


You were on level 4 of the Orcish Mines.
You worshipped Cheibriados.
Cheibriados was extremely pleased with you.
You were not hungry.

You visited 3 branches of the dungeon, and saw 17 of its levels.
You also visited: Sewer and Volcano.

You collected 1045 gold pieces.

Inventory:

Hand Weapons
 d - a +0 flail
 C - a +0 giant spiked club
 H - a +1 morningstar of holy wrath
 J - a +5 morningstar of protection
 O - a +1 great mace of crushing
 Q - a +4 giant spiked club of freezing (weapon)
Missiles
 g - 62 stones
 K - 3 javelins (quivered)
 R - 6 large rocks
Armour
 a - a +2 robe of fire resistance
 c - a steam dragon hide
 s - a +0 robe of positive energy
 w - a +2 robe of magic resistance (worn)
 y - a +0 robe of fire resistance
 I - a +0 cloak (worn)
 N - a +1 hat of see invisible (worn)
Magical Staves
 q - an uncursed staff of conjuration {unknown}
Jewellery
 b - an uncursed ring of wizardry
 n - a +4 ring of dexterity (left hand)
 r - an amulet of regeneration (around neck)
 v - an uncursed ring of see invisible
 x - a ring of sustain attributes (right hand)
Wands
 h - a wand of digging (14)
 i - a wand of digging (13)
 u - a wand of draining (0)
 A - a wand of frost (16)
 F - a wand of invisibility (0)
 G - a wand of fireball (3)
 L - a wand of draining (0)
 M - a wand of digging (9)
Scrolls
 k - a scroll of amnesia
 l - a scroll of fog
 t - 4 scrolls of remove curse
 E - a scroll of fear
Potions
 j - a potion of brilliance
 o - 2 potions of curing
 p - a potion of cancellation
 z - a potion of resistance
 B - a potion of poison
 D - a potion of berserk rage
Comestibles
 e - 4 bread rations
 f - 5 meat rations


   Skills:
 + Level 13.5 Fighting
 * Level 17.7 Maces & Flails
 - Level 4.0 Throwing
 + Level 8.8 Dodging
 - Level 0.7 Stealth
 + Level 10.4 Invocations


You had 12 spell levels left.
You didn't know any spells.

Dungeon Overview and Level Annotations

Branches:
Dungeon (12/15)            Temple (1/1) D:6            Lair (0/8) D:9
    Orc (4/4) D:12
    Elf: Orc:3-4

Altars:
Ashenzari
Cheibriados
Dithmenos
Elyvilon
Fedhas
Gozag
Kikubaaqudgha
Makhleb
Nemelex Xobeh
Okawaru
Qazlal
Ru
Sif Muna
Trog
Vehumet
Xom
Yredelemnul
Zin
The Shining One
Beogh

Annotations:
D:10 Maud
D:11 Snorg
Orc:4 Saint Roka


Innate Abilities, Weirdness & Mutations

You are too large for most types of armour.
You have tough skin (AC +1).
You have a pair of small antennae on your head.
You possess an exceptional clarity of mind.
You can spit weak poison.


Message History

You hit Saint Roka but do no damage.
Saint Roka is severely wounded.
Saint Roka misses you.
Unknown command.
Unknown command.
Unknown command.
You catch the helpless Saint Roka completely off-guard!
You impale Saint Roka!! You freeze Saint Roka.
Saint Roka is severely wounded.
Saint Roka hits you with a war axe of freezing!!
* * * LOW HITPOINT WARNING * * *
Saint Roka freezes you.
* * * LOW HITPOINT WARNING * * *
Unknown command.
Unknown command.
You catch the helpless Saint Roka completely off-guard!
You hammer Saint Roka like a gong!!! You freeze Saint Roka!
Saint Roka is almost dead.
Saint Roka hits you with a war axe of freezing!
You die...

.).)..)....##....................
##.....##...##.........###......
.........#.##........####.......
#.........#.##....#...##.###.#.#
#...#..#.###.#...###..#...# .#.#
....###### #.#..# #...#.#.#.# ##
#.... #.#####......... ##. ###...
#.###.......... #.. #.#
##@#).....#.#.# ##. ..
##o#........## ## #.##.....#.## #
## #.o...### # #8o.o8# # #...O.#
#o....# .......


You could see Saint Roka.

Vanquished Creatures
  Rupert (Orc:4)
  Gastronok (D:10)
  Kirke (D:12)
  An orc warlord (Orc:4)
  A stone giant (Orc:4)
  Nessos (D:12)
  A hydra (D:11)
  Erolcha (D:10)
  Erica (D:10)
  Nergalle (D:11)
  4 unseen horrors
  4 orc knights
  A hill giant (D:12)
  2 orc sorcerers (Orc:4)
  A wolf spider (D:11)
  2 ugly things (D:11)
  A cyclops (D:12)
  Maurice (D:9)
  A centaur skeleton (D:12)
  3 gargoyles
  2 trolls
  A two-headed ogre (D:11)
  A steam dragon (D:12)
  A vampire mosquito (D:12)
  Grum (D:10)
  2 hippogriffs
  A mottled dragon (D:11)
  2 hungry ghosts
  6 wolves
  3 wargs
  2 sky beasts
  17 orc warriors
  8 centaurs
  4 ogres
  A phantom (D:10)
  3 ice beasts
  A crocodile (D:10)
  10 giant frogs
  A wyvern skeleton (D:11)
  A scorpion (D:7)
  13 killer bees
  8 wights
  5 hounds
  A quasit (D:12)
  2 centaur zombies
  3 crimson imps
  3 jellies
  16 orc priests
  3 giant frog zombies
  26 orc wizards
  2 iguanas (D:7)
  4 worker ants
  2 hound skeletons
  A worker ant zombie (D:9)
  4 gnolls
  7 adders
  13 oozes
  11 giant geckos
  117 orcs
  2 bats (D:1)
  17 giant cockroaches
  3 goblins
  7 hobgoblins
  5 jackals
  4 quokkas
  11 ball pythons
  13 giant newts
  6 kobolds
  2 rats (D:1)
409 creatures vanquished.

Vanquished Creatures (others)
  4 humans (D:12)
  A vampire mosquito (D:12)
  An orc (Orc:4)
6 creatures vanquished.

Grand Total: 415 creatures vanquished

Notes
Turn   | Place    | Note
--------------------------------------------------------------
     0 | D:1      | 4thArraOfDagon the Ogre Hunter began the quest for the Orb.
     0 | D:1      | Reached XP level 1. HP: 22/22 MP: 1/1
    27 | D:1      | Reached XP level 2. HP: 16/31 MP: 2/2
   199 | D:1      | Reached skill level 1 in Maces & Flails
   245 | D:2      | Reached XP level 3. HP: 14/39 MP: 3/3
   384 | D:2      | Reached XP level 4. HP: 25/49 MP: 4/4
   728 | D:4      | Reached skill level 5 in Fighting
   753 | D:4      | Reached XP level 5. HP: 47/57 MP: 5/5
   795 | D:5      | Entered Level 5 of the Dungeon
   995 | D:6      | Found a staircase to the Ecumenical Temple.
  1002 | D:6      | Reached skill level 5 in Maces & Flails
  1002 | D:6      | Reached XP level 6. HP: 64/67 MP: 6/6
  1020 | Temple   | Entered the Ecumenical Temple
  1199 | D:6      | Reached skill level 6 in Maces & Flails
  1338 | D:5      | Found a snail-covered altar of Cheibriados.
  1408 | D:5      | Found a sacrificial altar of Ru.
  1408 | D:5      | Found a stormy altar of Qazlal.
  1419 | D:5      | Became a worshipper of Cheibriados the Contemplative
  1449 | D:6      | Reached XP level 7. HP: 76/76 MP: 7/7
  1462 | D:6      | Reached skill level 7 in Maces & Flails
  1567 | D:6      | Found a glowing drain.
  1586 | Sewer    | Entered a sewer
  1646 | Sewer    | Reached skill level 1 in Invocations
  1652 | Sewer    | Reached * piety under Cheibriados
  1772 | Sewer    | Reached ** piety under Cheibriados
  1911 | D:6      | Reached *** piety under Cheibriados
  2031 | D:7      | Reached skill level 8 in Maces & Flails
  2082 | D:7      | Reached XP level 8. HP: 80/87 MP: 9/9
  2130 | D:7      | Found a white marble altar of Elyvilon.
  2132 | D:7      | Found an opulent altar of Gozag.
  2134 | D:7      | Found an iron altar of Okawaru.
  2143 | D:7      | Found a shimmering altar of Xom.
  2390 | D:8      | Reached skill level 9 in Maces & Flails
  2504 | D:7      | Reached **** piety under Cheibriados
  2650 | D:8      | Reached skill level 10 in Maces & Flails
  2650 | D:8      | Reached XP level 9. HP: 69/96 MP: 10/12
  2798 | D:10     | Entered Level 10 of the Dungeon
  2816 | D:10     | Noticed Maud
  2914 | D:9      | Found a staircase to the Lair.
  3021 | D:9      | Reached skill level 11 in Maces & Flails
  3021 | D:9      | Reached skill level 5 in Invocations
  3079 | D:10     | Noticed Maurice
  3087 | D:9      | Killed Maurice
  3122 | D:10     | Noticed Erica
  3129 | D:10     | Killed Erica
  3129 | D:10     | Reached skill level 12 in Maces & Flails
  3129 | D:10     | Reached skill level 5 in Dodging
  3129 | D:10     | Reached XP level 10. HP: 107/109 MP: 14/14
  3133 | D:10     | Reached ***** piety under Cheibriados
  3255 | D:10     | Reached skill level 10 in Fighting
  3313 | D:10     | Noticed Gastronok
  3328 | D:10     | Killed Gastronok
  3328 | D:10     | Reached skill level 13 in Maces & Flails
  3365 | D:10     | Noticed Erolcha
  3372 | D:10     | Killed Erolcha
  3372 | D:10     | Reached XP level 11. HP: 86/119 MP: 10/16
  3404 | D:10     | Noticed Grum
  3414 | D:10     | Killed Grum
  3436 | D:10     | Noticed an unseen horror
  3449 | D:10     | Killed an unseen horror
  3449 | D:10     | Reached skill level 14 in Maces & Flails
  3559 | D:11     | Noticed an unseen horror
  3562 | D:11     | Noticed a six-headed hydra
  3571 | D:11     | Killed a six-headed hydra
  3576 | D:11     | Killed an unseen horror
  3752 | D:11     | Noticed Snorg
  3762 | D:11     | HP: 5/120 [Snorg (5)]
  3769 | D:11     | HP: 3/120 [gargoyle/mace (12)]
  3817 | D:11     | Noticed Nergalle
  3837 | D:11     | Killed Nergalle
  3837 | D:11     | Reached skill level 15 in Maces & Flails
  4029 | D:12     | Reached XP level 12. HP: 132/132 MP: 18/18
  4154 | D:12     | Noticed Nessos
  4160 | D:12     | Noticed Kirke
  4167 | D:12     | Killed Nessos
  4168 | D:12     | Was placed under penance by Cheibriados
  4179 | D:12     | Gained mutation: You have a pair of small antennae on your head. [potion of mutation]
  4179 | D:12     | Gained mutation: You possess an exceptional clarity of mind. [potion of mutation]
  4179 | D:12     | Gained mutation: You can spit weak poison. [potion of mutation]
  4194 | D:12     | Killed Kirke
  4194 | D:12     | Reached skill level 16 in Maces & Flails
  4261 | D:12     | Was forgiven by Cheibriados
  4343 | D:12     | Found a staircase to the Orcish Mines.
  4380 | Orc:1    | Entered Level 1 of the Orcish Mines
  4740 | Orc:2    | Found a dark tunnel.
  4750 | Volcano  | Entered a volcano
  5123 | Orc:4    | Entered Level 4 of the Orcish Mines
  5202 | Orc:4    | Reached skill level 17 in Maces & Flails
  5254 | Orc:4    | Noticed an orc warlord
  5259 | Orc:4    | Killed an orc warlord
  5259 | Orc:4    | Reached skill level 10 in Invocations
  5259 | Orc:4    | Reached XP level 13. HP: 95/144 MP: 9/20
  5307 | Orc:4    | Found a roughly hewn altar of Beogh.
  5340 | Orc:4    | Noticed Rupert
  5351 | Orc:4    | Killed Rupert
  5385 | Orc:4    | Noticed a stone giant
  5394 | Orc:4    | Killed a stone giant
  5489 | Orc:4    | Noticed Saint Roka
  5511 | Orc:4    | HP: 6/144 [Saint Roka/war axe of freezing (32)]
  5512 | Orc:4    | Slain by Saint Roka

Vault maps used:
D:1:      dpeg_arrival_leaves_temple_mockup
D:3:      minmay_door_path, first_bread, solitary_fountain, minmay_distorted
D:5:      nicolae_overflow_hidden_temple
D:6:      minmay_temple_entry_large_hall, serial_co_window_serial,
          co_window_of_opportunity_a, co_window_paths_a, co_window_paths_a,
          co_window_corner_a, co_window_paths_a, co_window_corner_b,
          co_window_of_opportunity_b, co_window_cross_2, co_window_2corner,
          co_window_broadway_b, co_window_broadway_a, glass_columns_b,
          glass_columns_a, glass_columns_a, glass_columns_b, glass_columns_b,
          portal_sewer_entry_f, dk_yredelemnul_ordeal
D:7:      nicolae_overflow_quartered_altars
D:9:      erik_lair_island, serial_glass, glass_columns_b, glass_columns_c
D:10:     uniq_erica, uniq_erolcha, uniq_maurice, uniq_grum, uniq_maud,
          uniq_gastronok
D:11:     uniq_nergalle, uniq_snorg, uniq_harold
D:12:     uniq_nessos, uniq_kirke
Temple:   dpeg_five_rooms_temple_12
Orc:2:    lightli_volcano_entry_magma_tube, trog_butcher_becter
Orc:3:    nicolae_orc_pool_cavern, mines2_david
Orc:4:    grunt_orc_cross, basic_altar, uniq_rupert
Sewer:    sewer_frog_island_02
Volcano:  volcano_pools

Action                   |  1- 3 |  4- 6 |  7- 9 | 10-12 | 13-15 || total
-------------------------+-------+-------+-------+-------+-------++-------
Melee: Short sword       |    58 |       |       |       |       ||    58
       Flail             |       |    73 |   293 |       |       ||   366
       Giant spiked club |       |       |    60 |   268 |    75 ||   403
       Morningstar       |       |       |       |    96 |       ||    96
Throw: Large rock        |    22 |    15 |    12 |    28 |     4 ||    81
       Throwing net      |     4 |     5 |     2 |     1 |       ||    12
       Stone             |    19 |     4 |    14 |       |     1 ||    38
       Javelin           |       |       |       |     4 |     2 ||     6
Invok: Slouch            |       |       |       |    10 |     1 ||    11
       Temporal Distorti |       |       |       |     1 |       ||     1
 Abil: Spit Poison       |       |       |       |     1 |       ||     1
Evoke: Wand              |       |       |     2 |     9 |     4 ||    15
  Use: Scroll            |     1 |     7 |     3 |     8 |       ||    19
       Potion            |       |     3 |     1 |    17 |     2 ||    23
 Stab: Held in net/web   |     1 |       |       |       |       ||     1
       Sleeping          |       |       |     3 |     2 |       ||     5
       Invisible         |       |       |       |       |     6 ||     6
  Eat: Pizza             |       |     1 |     1 |       |       ||     2
       Chunk             |       |       |     3 |     7 |     1 ||    11
       Royal jelly       |       |       |       |     1 |       ||     1
       Beef jerky        |       |       |       |     1 |       ||     1
